 Dungeon Crawl Stone Soup version 0.19.0 (webtiles) character file.

55 Eucla the Poker (level 3, -1/29 HPs)
             Began as a Merfolk Gladiator on Nov 14, 2016.
             Slain by a gnoll
             ... wielding a +0 spear
              (8 damage)
             ... on level 2 of the Dungeon.
             The game lasted 00:02:06 (1332 turns).

Eucla the Poker (Merfolk Gladiator)                 Turns: 1332, Time: 00:02:07

Health: -1/29      AC:  9    Str: 15    XL:     3   Next: 93%
Magic:  3/3        EV:  8    Int:  7    God:
Gold:   79         SH:  0    Dex: 15    Spells: 0 memorised, 2 levels left

rFire  . . .     SeeInvis .     a - +0 trident
rCold  . . .     Gourm    .     k - +0 chain mail
rNeg   . . .     Faith    .     (no shield)
rPois  .         Spirit   .     c - +0 helmet
rElec  .         Reflect  .     (no cloak)
rCorr  .         Harm     .     (no gloves)
MR     .....                    (no boots)
Stlth  ..........               (no amulet)
                                (no ring)
                                (no ring)

@: no status effects
A: change form in water, swift swim, stealthy swim
a: no special abilities


You were on level 2 of the Dungeon.
You were not hungry.

You visited 1 branch of the dungeon, and saw 2 of its levels.

You collected 79 gold pieces.

Inventory:

Hand Weapons
 a - a +0 trident (weapon)
Missiles
 d - 3 throwing nets (quivered)
Armour
 b - a +0 leather armour
 c - a +0 helmet (worn)
 k - a +0 chain mail (worn)
Scrolls
 e - a scroll of teleportation {unknown}
 g - 2 scrolls of magic mapping {unknown}
 h - a scroll of identify {unknown}
 l - 2 scrolls of immolation {unknown}
 o - a scroll of enchant weapon {unknown}
 q - a scroll of remove curse {unknown}
 r - a scroll of blinking {unknown}
 s - a scroll of noise {unknown}
Potions
 m - a potion of flight {unknown}
 n - a potion of mutation {unknown}
 p - a potion of lignification {unknown}
Comestibles
 f - a bread ration
 i - 2 beef jerkies


   Skills:
 + Level 3.1 Fighting
 * Level 6.2 Polearms
 - Level 2.0 Throwing
 - Level 4.0 Dodging


You had 2 spell levels left.
You didn't know any spells.

Dungeon Overview and Level Annotations

Branches:
Dungeon (2/15)

Altars:


Message History

The gnoll hits you from afar with a spear!
There is a stone staircase leading up, spattered with blood here.
You hit the gnoll.
The gnoll is lightly wounded.
The bat hits you but does no damage. The gnoll closely misses you.
The gnoll hits you from afar with a spear.
Your chain mail prevents you from hitting the gnoll.
The gnoll is lightly wounded.
The bat barely misses you. The gnoll hits you with a spear.
* * * LOW HITPOINT WARNING * * *
The gnoll hits you but does no damage.
Unknown command.
The bat hits you but does no damage. The gnoll closely misses you.
The bat hits you but does no damage. The bat hits you but does no damage.
The gnoll hits you but does no damage. The bat hits you but does no damage.
Unknown command.
The bat barely misses you.
The gnoll hits you from afar with a spear!
You die...

# ## #####.....# ... #
... #.........# #.# #
#... ##.##......###.####
##
....##..#..##.....g...#.
.##
.......#..##..###...#.$.
..#
..(.....>##..##....##..
# #....g....#..##.###g #
###b.g<.$.#..##.#... #
#@##............#? #
#........#.#...##.#### #
.# #........#.......<.#
##..
....###...##......#..##.
... ##.
#......##.#†....#. ... #
#....###.......... ###
....... .....#
#.#.##..... # ..........
####.###.#.##...#.
#..........<..#
#.##....##.....


You could see 2 gnolls and a bat.

Vanquished Creatures
  A gnoll (D:1)
  An adder (D:2)
  A dart slug (D:1)
  7 bats
  4 giant cockroaches
  2 hobgoblins
  4 jackals (D:1)
  4 kobolds
  A ball python (D:1)
  4 frilled lizards (D:1)
  4 goblins (D:1)
  A rat (D:1)
34 creatures vanquished.

Notes
Turn   | Place    | Note
-------+----------+-------------------------------------------
     0 | D:1      | Eucla the Merfolk Gladiator began the quest for the Orb.
     0 | D:1      | Reached XP level 1. HP: 16/16 MP: 1/1
   323 | D:1      | Reached skill level 5 in Polearms
   344 | D:1      | Reached XP level 2. HP: 20/22 MP: 2/2
   700 | D:1      | Reached XP level 3. HP: 28/28 MP: 3/3
  1310 | D:2      | Reached skill level 6 in Polearms
  1332 | D:2      | Slain by a gnoll

Skill      XL: |  1  2  3 |
---------------+----------+-----
Polearms       | 5 6 |  6.2
Fighting       | 3 |  3.1
Throwing       | |  2.0
Dodging        | |  4.0

Action                   || total
-------------------------++-------
Melee: Trident           ||   142
  Eat: Pizza             ||     1
       Chunk             ||     1
Armor: Leather armour    ||     8
       Chain mail        ||    87
Dodge: Dodged            ||    79
